 Dungeon Crawl Stone Soup version 0.31.0-11-ge490571c62 (webtiles) character file.

Game seed: 7387145476020465247

10934 bnorton916 the Thaumaturge (level 11, -9/54 HPs)
             Began as a Deep Elf Conjurer on Jan 31, 2024.
             Was an Initiate of Gozag.
             Mangled by a tengu warrior
             ... wielding a +0 war axe
              (15 damage)
             ... on level 10 of the Dungeon.
             The game lasted 00:28:03 (20997 turns).

bnorton916 the Thaumaturge (Deep Elf Conjurer)     Turns: 20997, Time: 00:28:04

Health: -9/54      AC:  8    Str:  4    XL:     11   Next: 42%
Magic:  25/29      EV: 12    Int: 28    God:    Gozag
Gold:   1397       SH:  0    Dex: 13    Spells: 17/34 levels left

rFire   . . .        y - +4 dagger (drain)
rCold   . . .        (no shield)
rNeg    . . .        K - +2 robe {Will+}
rPois   .            z - +0 helmet
rElec   .            k - +0 cloak
rCorr   .            (no gloves)
SInv    .            u - +0 pair of boots
Will    ++...        (no amulet)
Stlth   ++           (no ring)
HPRegen 0.29/turn    (no ring)
MPRegen 0.21/turn

%: no passive effects
@: no status effects
A: no striking features
a: Renounce Religion, Potion Petition, Call Merchant, Bribe Branch


You were on level 10 of the Dungeon.
You worshipped Gozag.
Gozag was most pleased with you.
You visited 2 branches of the dungeon, and saw 11 of its levels.
You also visited: Ossuary.

You collected 1472 gold pieces.
You paid 75 gold pieces to Gozag.

Inventory:

Hand Weapons
 y - a +4 dagger of draining (weapon)
Missiles
 d - 3 javelins
 q - 16 poisoned darts
Armour
 a - a +0 robe
 k - a +0 cloak (worn)
 u - a +0 pair of boots (worn)
 z - a +0 helmet (worn)
 C - a +0 leather armour of positive energy
 K - a +2 robe of willpower (worn)
Wands
 t - a wand of polymorph (10)
 B - a wand of flame (23)
 D - a wand of digging (4)
 E - a wand of paralysis (13)
 J - a wand of iceblast (9)
Scrolls
 c - 2 scrolls of fear
 f - 3 scrolls of teleportation
 h - a scroll of noise
 j - 3 scrolls of enchant armour
 l - a scroll of enchant weapon
 m - 3 scrolls of silence
 n - 2 scrolls of blinking
 s - a scroll of immolation
 v - 2 scrolls of poison {unknown}
 x - a scroll of fog
 A - 5 scrolls of amnesia
 F - a scroll of revelation
 G - a scroll of brand weapon {unknown}
 L - 9 scrolls of identify
 N - 2 scrolls of summoning {unknown}
 O - 2 scrolls of vulnerability {unknown}
Potions
 b - 4 potions of degeneration {unknown}
 e - 2 potions of heal wounds
 g - 2 potions of berserk rage {unknown}
 i - 4 potions of curing {unknown}
 o - 3 potions of might {unknown}
 p - 2 potions of mutation {unknown}
 r - a potion of invisibility {unknown}
 w - a potion of haste {unknown}
 H - a potion of attraction {unknown}
 I - a potion of enlightenment {unknown}
Miscellaneous
 M - a sack of spiders


   Skills:
 - Level 5.4 Armour
 - Level 2.4 Dodging
 - Level 2.4 Stealth
 + Level 12.3 Spellcasting
 + Level 11.0 Conjurations
 - Level 8.1 Translocations
 + Level 2.6 Earth Magic
 - Level 8.1 Alchemy


You had 17 spell levels left.
You knew the following spells:

 Your Spells              Type           Power      Damage    Failure   Level
a - Magic Dart            Conj           100%       1d8       1%          1
b - Searing Ray           Conj           100%       2d8       1%          2
c - Iskenderun's Mystic   Conj/Tloc      63%        2d13      1%          4
d - Fulminant Prism       Conj/Alch      31%        3d15      1%          4
e - Bombard               Conj/Erth      26%        9d5       28%         6

Your spell library contained the following spells:

 Spells                   Type           Power      Damage    Failure   Level
 Blink                    Tloc           100%       N/A       1%          2
 Lesser Beckoning         Tloc           100%       N/A       1%          2
 Momentum Strike          Conj/Tloc      100%       3d10      1%          2
 Iskenderun's Battlesphe  Conj           68%        2d12      1%          5
 Spellforged Servitor     Conj/Summ      24%        N/A       95%         7


Dungeon Overview and Level Annotations

Branches:
Dungeon (10/15)            Temple (1/1) D:5         Ossuary (visited)
   Lair: D:8-11         Orc: D:9-12

Altars:
Ashenzari
Cheibriados
Dithmenos
Elyvilon
Fedhas
Gozag
Hepliaklqana
Kikubaaqudgha
Makhleb
Nemelex Xobeh
Okawaru
Qazlal
Ru
Sif Muna
Trog
Uskayaw
Vehumet
Wu Jian
Xom
Yredelemnul
Zin
The Shining One

Shops:
D:4 :

Annotations:
D:7 2 transporters, exclusion: ice statue, Dazliare's ghost, novice OpCK


Message History

Casting: Searing Ray (safe; 1% risk of failure)
Confirm with . or Enter, or press ? or * to list all spells.
You erupt in a blast of force!
The mystic blast hits the tengu warrior!
You kill the tengu warrior!
A gargoyle comes into view. It is wielding a +0 flail.
Your Conjurations skill increases to level 11!
A tengu warrior comes into view. It is wielding a +0 war axe.
You climb upwards.
There is a stone staircase leading down here.
You start resting.
Magic restored.
You start waiting.
Done waiting.
You start waiting.
Done waiting.
Done exploring.
You climb downwards.
The tengu warrior slips past you!
The tengu warrior hits you with a +0 war axe.
The tengu warrior pecks you but does no damage.
The tengu warrior claws you but does no damage.
The tengu warrior hits you with a +0 war axe!
The tengu warrior barely misses you. The tengu warrior claws you.
There is a stone staircase leading up, spattered with blood here.
Casting: Iskenderun's Mystic Blast (dangerous; 1% risk of failure)
Confirm with . or Enter, or press ? or * to list all spells.
You erupt in a blast of force!
The mystic blast hits the tengu warrior!
The tengu warrior is lightly wounded.
The tengu warrior is knocked back by the mystic blast.
The tengu warrior slams into the rock wall!
The tengu warrior is moderately wounded.
The gargoyle hurls a stone arrow at you.
The stone arrow hits you!
The gargoyle hurls a stone arrow at you.
The stone arrow hits you!
* * * LOW HITPOINT WARNING * * *
The tengu warrior hits you with a +0 war axe!
You die...
Your body crumbles into a pile of gold.

.......................##..# #
#.......................#..######
###.....................#........
..#.................<.###........
..+.........9.........#..........
..#................####....######
..#.......$........'..^....#.....
###.......$........#.....###.....
.....#######..$$@$.#.....#.......
.....# #.>...Q.#.....+.......
.....# #.......#.....#.#+###.
.....# #.......#.....# #. ####.#
#.......#.....# #. #Q#
#.......#.....# .#
#.......#.....# .+ #.......#


You could see a tengu warrior and a gargoyle.

Vanquished Creatures
  5 two-headed ogres
  A tengu warrior (D:10)
  A manticore (D:9)
  Joseph (D:7)
  2 trolls (D:9)
  Grinder (D:6)
  2 wraiths (D:9)
  A wyvern (D:8)
  A yak (D:9)
  2 steam dragons
  Menkaure (D:6)
  An acid dragon (D:8)
  5 water moccasins
  3 sky beasts
  An ice beast (D:6)
  2 black bears
  5 orc warriors
  2 ogres
  2 centaurs (D:8)
  A phantom (D:3)
  An elf zombie (Ossuary)
  2 gnoll sergeants (D:7)
  2 kobold brigands (D:9)
  3 bullfrogs
  3 scorpions
  10 wights
  4 killer bees
  5 howler monkeys
  3 bombardier beetles
  3 hounds
  A jelly (D:5)
  2 centaur zombies (Ossuary)
  3 human zombies (Ossuary)
  2 gnoll boudas
  5 orc priests
  2 iguanas
  5 sleepcaps
  Natasha (thrice) (D:4)
  11 orc wizards
  5 hound zombies (Ossuary)
  2 mummies (Ossuary)
  21 gnolls
  5 adders
  A white imp (D:7)
  5 adder zombies (Ossuary)
  A ribbon worm (D:5)
  A dart slug (D:1)
  29 orcs
  4 bats
  4 endoplasms
  4 gnoll zombies (Ossuary)
  5 hobgoblins
  3 jackals (D:1)
  13 kobolds
  A quokka (D:2)
  9 ball pythons
  2 frilled lizards
  5 goblins
  4 jackal zombies (Ossuary)
  8 kobold zombies (Ossuary)
  4 orc zombies (Ossuary)
  3 rats
  A fulminant prism (D:9)
250 creatures vanquished.

Vanquished Creatures (others)
  98 fulminant prisms
98 creatures vanquished.

Grand Total: 348 creatures vanquished

Notes
Turn   | Place    | Note
-------+----------+-------------------------------------------
     0 | D:1      | bnorton916 the Deep Elf Conjurer began the quest for the
                  | Orb.
     0 | D:1      | Reached XP level 1. HP: 10/10 MP: 6/6
   204 | D:1      | Found a faded altar of an unknown god.
   294 | D:1      | Reached XP level 2. HP: 15/15 MP: 3/8
   297 | D:1      | Learned a level 2 spell: Searing Ray
   958 | D:2      | Reached skill level 4 in Spellcasting
   958 | D:2      | Reached skill level 5 in Conjurations
   958 | D:2      | Reached XP level 3. HP: 19/19 MP: 6/10
  2223 | D:3      | Reached XP level 4. HP: 24/24 MP: 6/12
  2458 | D:3      | Reached skill level 5 in Spellcasting
  2897 | D:3      | Noticed a phantom
  2901 | D:3      | Killed a phantom
  2902 | D:3      | Reached XP level 5. HP: 22/28 MP: 9/15
  2952 | D:3      | Learned a level 4 spell: Iskenderun's Mystic Blast
  2957 | D:3      | Learned a level 4 spell: Fulminant Prism
  3373 | D:4      | Reached skill level 6 in Spellcasting
  3458 | D:4      | Found a sand-covered staircase.
  3475 | Ossuary  | Entered an ossuary
  3931 | Ossuary  | Reached skill level 1 in Translocations
  3931 | Ossuary  | Reached skill level 1 in Alchemy
  4464 | Ossuary  | Reached XP level 6. HP: 32/32 MP: 9/17
  5470 | Ossuary  | Reached XP level 7. HP: 19/36 MP: 3/18
  6650 | D:3      | Reached skill level 5 in Translocations
  6650 | D:3      | Reached skill level 5 in Alchemy
  7196 | D:4      | Found Peteaf's Book Shoppe.
  7197 | D:4      | Noticed Natasha
  7201 | D:4      | Killed Natasha
  7371 | D:4      | Reached XP level 8. HP: 41/41 MP: 13/19
  7496 | D:5      | Entered Level 5 of the Dungeon
  7639 | D:5      | Found a shimmering altar of Xom.
  7640 | D:5      | Found a shimmering altar of Xom.
  7646 | D:5      | Found a shimmering altar of Xom.
  7853 | D:5      | Found a staircase to the Ecumenical Temple.
  7861 | Temple   | Entered the Ecumenical Temple
  7869 | Temple   | Became a worshipper of Gozag Ym Sagoz the Greedy
 10013 | D:6      | Noticed Grinder
 10197 | D:6      | Noticed Menkaure
 10205 | D:6      | Killed Menkaure
 10209 | D:6      | Reached XP level 9. HP: 25/45 MP: 0/20
 10430 | D:6      | Killed Grinder
 11008 | D:4      | Noticed Natasha
 11015 | D:4      | Killed Natasha
 11175 | D:4      | Noticed Natasha
 11182 | D:4      | Killed Natasha
 11805 | D:7      | Reached skill level 7 in Spellcasting
 13014 | D:7      | Reached skill level 1 in Armour
 13990 | D:7      | Noticed Dazliare's ghost (novice OpCK)
 13991 | D:7      | Identified the +5 sling of the Establishment {drain, rF-
                  | rC++ MP+9 Str+3}
 13994 | D:7      | Noticed a manticore
 14196 | D:7      | Noticed Joseph
 14201 | D:7      | Noticed a boulder beetle
 14208 | D:7      | Found a transporter.
 14214 | D:7      | Killed Joseph
 14655 | D:7      | Found a transporter.
 14656 | D:7      | Noticed an ice statue
 14748 | D:7      | Reached XP level 10. HP: 50/50 MP: 15/23
 15281 | D:8      | Reached skill level 5 in Armour
 16212 | D:9      | Noticed a two-headed ogre
 16224 | D:9      | Killed a two-headed ogre
 16225 | D:9      | Reached skill level 8 in Spellcasting
 16231 | D:9      | Noticed a manticore
 16827 | D:9      | Killed a manticore
 16828 | D:9      | Reached skill level 9 in Spellcasting
 17785 | D:9      | Noticed a two-headed ogre
 17797 | D:9      | Killed a two-headed ogre
 17798 | D:9      | Reached skill level 10 in Spellcasting
 18187 | D:9      | Noticed a two-headed ogre
 18199 | D:9      | Killed a two-headed ogre
 18200 | D:9      | Reached skill level 11 in Spellcasting
 18200 | D:9      | Reached skill level 10 in Conjurations
 18200 | D:9      | Reached XP level 11. HP: 54/54 MP: 6/28
 18695 | D:9      | Noticed a boulder beetle
 19166 | D:9      | Noticed a two-headed ogre
 19178 | D:9      | Killed a two-headed ogre
 19980 | D:9      | Learned a level 6 spell: Bombard
 20185 | D:10     | Entered Level 10 of the Dungeon
 20317 | D:10     | Noticed a two-headed ogre
 20327 | D:10     | Noticed a tengu warrior
 20343 | D:10     | Killed a two-headed ogre
 20344 | D:10     | Reached skill level 12 in Spellcasting
 20344 | D:10     | Reached skill level 1 in Earth Magic
 20688 | D:10     | Killed a tengu warrior
 20690 | D:10     | Noticed a tengu warrior
 20997 | D:10     | Mangled by a tengu warrior

Illustrated notes

Levels and vault maps discovered:
D:1:      minmay_arrival_four_circles, layout_loops_ring,
          ebering_ecumenical_altar_hall, minmay_misc_feat_cross
D:2:      layout_basic, chequers_serial_rivers_room_a
D:3:      layout_basic, saegor_snake_ambush
D:4:      layout_cave_pools, serial_shops, nicolae_book_shop_shelving,
          enter_ossuary_1, uniq_natasha
D:5:      layout_basic, xom_redecorated, minmay_temple_entry_butterflies,
          nicolae_nh_ransacked_shop
D:6:      layout_rooms, uniq_menkaure, uniq_grinder
D:7:      layout_loops_ring, nzn_ghost_randoct, grunt_ministairs_8, uniq_joseph
D:8:      layout_rooms
D:9:      minmay_slanted_spiral_squares, layout_long_grid
D:10:     layout_irregular_city, due_lair_maze_entry_diamond,
          minmay_fire_ice_demons, uniq_fannar, uniq_urug
Temple:   compressed_dpeg_triangle_lava_temple

Skill      XL: |  1  2  3  4  5  6  7  8  9 10 11 |
---------------+----------------------------------+-----
Spellcasting   | 4 5 6 7 11 12 | 12.3
Conjurations   | 5 6 7 10 11 | 11.0
Translocations | 1 3 5 7 8 |  8.1
Alchemy        | 1 3 5 7 8 |  8.1
Armour         | 4 5 |  5.4
Earth Magic    | 2 |  2.6
Dodging        | |  2.4
Stealth        | |  2.4

Action                     |  1- 3 |  4- 6 |  7- 9 | 10-12 || total
---------------------------+-------+-------+-------+-------++-------
  Melee: Unarmed           |       |       |     3 |       ||     3
         Dagger            |       |       |     7 |     1 ||     8
   Cast: Magic Dart        |    56 |    38 |    88 |    40 ||   222
         Searing Ray       |     2 |    23 |    50 |    12 ||    87
         Iskenderun's Myst |       |       |    23 |    33 ||    56
         Fulminant Prism   |       |       |    42 |    57 ||    99
    Use: Scroll            |       |     1 |    11 |     1 ||    13
         Potion            |       |     2 |     1 |       ||     3
 Armour: Robe              |     5 |    66 |    61 |    47 ||   179
  Dodge: Dodged            |     1 |    47 |    58 |    34 ||   140
